 Dungeon Crawl Stone Soup version 0.26.0-45-g9c1d065592 (webtiles) character file.

Game seed: 18037226215969513483

77 kaeus the Chopper (level 4, -3/40 HPs)
             Began as a Hill Orc Monk on Jan 27, 2021.
             Slain by a gnoll
             ... wielding a +0 flail
              (8 damage)
             ... on level 2 of the Dungeon.
             The game lasted 00:01:30 (1992 turns).

kaeus the Chopper (Hill Orc Monk)                   Turns: 1992, Time: 00:01:30

Health: -3/40      AC:  6    Str: 14    XL:     4   Next: 34%
Magic:  4/4        EV: 10    Int: 10    God:
Gold:   59         SH:  0    Dex: 13    Spells: 3/3 levels left

rFire    . . .     SeeInvis .   a - +0 hand axe
rCold    . . .     Faith    .   (no shield)
rNeg     . . .     Spirit   .   g - +0 scale mail
rPois    .         Reflect  .   (no helmet)
rElec    .         Harm     .   (no cloak)
rCorr    .         Rampage  .   (no gloves)
Will     .....                  (no boots)
Stlth    ..........             (no amulet)
HPRegen  0.13/turn              (no ring)
MPRegen  0.09/turn              (no ring)

@: no status effects
A: no striking features
a: no special abilities


You were on level 2 of the Dungeon.
You visited 1 branch of the dungeon, and saw 2 of its levels.

You collected 59 gold pieces.

Inventory:

Hand Weapons
 a - a +0 hand axe (weapon)
Armour
 g - a +0 scale mail (worn)
Scrolls
 b - a scroll of immolation {unknown}
 d - 2 scrolls of teleportation {unknown}
 e - a scroll of noise {unknown}
 f - a scroll of blinking {unknown}
Potions
 c - a potion of curing {unknown}


   Skills:
 + Level 4.2 Fighting
 + Level 4.6 Axes
 * Level 2.5 Armour
 + Level 2.8 Dodging
 - Level 1.5 Stealth


You had 3 spell levels left.
You didn't know any spells.
Your spell library was empty.

Dungeon Overview and Level Annotations

Branches:
Dungeon (2/15)

Altars:


Message History

You are too injured to fight recklessly!
There are monsters nearby!
You completely miss the gnoll.
The gnoll is lightly wounded.
The gnoll hits you but does no damage. x2
You slash the gnoll!
The gnoll is severely wounded.
The gnoll barely misses you.
The gnoll hits you from afar with a +0 spear.
You take 2 damage, and have 18/40 hp.
You hit the gnoll but do no damage.
The gnoll is severely wounded.
The gnoll hits you from afar with a +0 spear.
The gnoll hits you with a +0 flail!
* * * LOW HITPOINT WARNING * * *
You take 13 damage, and have 5/40 hp.
MASSIVE DAMAGE!!
You hit the gnoll.
The gnoll is severely wounded.
The gnoll barely misses you. The gnoll hits you with a +0 flail!
You die...

#.###.##### #..........
.... .## ##....#
#..........< ...
#.###.###.# ...........##
##.#.####.####.......$...
###.##...........# #
####.##.#..###g#
#.##.#..###g#
######.##.....##g#
............(.##@####..
.....#.###......[.......
.....#..........).......
.....########...........
..... ##.#######... #####
#..# #. # ######## #.##
###.# #......# #.#######
.#.# #.####.#
#.......##(..#


You could see 2 gnolls and a hobgoblin.

Vanquished Creatures
  A gnoll (D:2)
  2 adders (D:2)
  3 oozes (D:1)
  2 leopard geckos (D:1)
  A giant cockroach (D:1)
  4 goblins
  5 hobgoblins
  2 jackals (D:2)
  2 bats (D:1)
  A frilled lizard (D:1)
  9 kobolds
  4 rats (D:1)
36 creatures vanquished.

Vanquished Creatures (others)
  5 plants (D:1)
5 creatures vanquished.

Grand Total: 41 creatures vanquished

Notes
Turn   | Place    | Note
-------+----------+-------------------------------------------
     0 | D:1      | kaeus the Hill Orc Monk began the quest for the Orb.
     0 | D:1      | Reached XP level 1. HP: 19/19 MP: 1/1
    32 | D:1      | Reached XP level 2. HP: 15/27 MP: 2/2
   168 | D:1      | Reached skill level 1 in Armour
   683 | D:1      | Reached XP level 3. HP: 29/33 MP: 3/3
  1807 | D:2      | Reached XP level 4. HP: 37/40 MP: 4/4
  1992 | D:2      | Slain by a gnoll

Illustrated notes

Levels and vault maps discovered:
D:1:      minmay_arrival_radiant_lines, layout_basic, serial_forest,
          infiniplex_forest_end_3, infiniplex_forest_lined_4_way,
          infiniplex_forest_lined_room_2, infiniplex_forest_straight_2,
          infiniplex_forest_lined_1, infiniplex_forest_clump_C,
          infiniplex_forest_straight_2, chequers_serial_rivers_room_b
D:2:      layout_loops_cross

Skill      XL: |  1  2  3 |
---------------+----------+-----
Armour         | 1 2 |  2.5
Fighting       | 4 |  4.2
Axes           | |  4.6
Dodging        | |  2.8
Stealth        | |  1.5

Action                   |  1- 3 |  4- 6 || total
-------------------------+-------+-------++-------
Melee: Hand axe          |   155 |    32 ||   187
 Stab: Sleeping          |     1 |       ||     1
Armor: Robe              |    16 |       ||    16
       Ring mail         |    11 |       ||    11
       Scale mail        |     2 |    10 ||    12
Dodge: Dodged            |    74 |    21 ||    95
